 Dungeon Crawl Stone Soup version 0.27.1-34-g3ba077fa99 (webtiles) character file.

Game seed: 7326754105086054827

84 mtoz the Magician (level 4, -1/24 HPs)
             Began as a Deep Elf Hedge Wizard on Jan 5, 2022.
             Killed by nerve-wracking pain
             ... invoked by Grinder
              (5 damage)
             ... on level 3 of the Dungeon.
             The game lasted 00:15:13 (3308 turns).

mtoz the Magician (Deep Elf Hedge Wizard)           Turns: 3308, Time: 00:15:14

Health: -1/24      AC:  3    Str:  8    XL:     4   Next: 24%
Magic:  1/12       EV: 13    Int: 19    God:
Gold:   61         SH:  0    Dex: 14    Spells: 7/12 levels left

rFire    . . .     SeeInvis .   a - +0 dagger
rCold    . . .     Faith    .   (no shield)
rNeg     . . .     Spirit   .   b - +0 robe
rPois    .         Reflect  .   c - +1 hat
rElec    .         Harm     .   k - scarf {repulsion}
rCorr    .         Rampage  .   (no gloves)
Will     .....                  (no boots)
Stlth    ++........             (no amulet)
HPRegen  0.08/turn              (no ring)
MPRegen  0.13/turn              (no ring)

@: flying, repel missiles
A: no striking features
a: no special abilities


You were on level 3 of the Dungeon.
You visited 1 branch of the dungeon, and saw 3 of its levels.

You collected 61 gold pieces.

Inventory:

Hand Weapons
 a - a +0 dagger (weapon)
Armour
 b - a +0 robe (worn)
 c - a +1 hat (worn)
 k - a scarf of repulsion (worn)
Scrolls
 f - a scroll of magic mapping


   Skills:
 + Level 3.1 Dodging
 + Level 3.4 Stealth
 + Level 4.9 Spellcasting
 + Level 2.0 Conjurations
 + Level 2.0 Summonings
 + Level 1.9 Translocations


You had 7 spell levels left.
You knew the following spells:

 Your Spells              Type           Power      Damage    Failure   Level
a - Magic Dart            Conj           48%        1d5       5%          1
b - Blink                 Tloc           N/A        N/A       9%          2
c - Call Imp              Summ           12%        N/A       9%          2

Your spell library contained the following spells:

 Spells                   Type           Power      Damage    Failure   Level
 Summon Small Mammal      Summ           48%        N/A       5%          1
 Call Canine Familiar     Summ           12%        N/A       16%         3
 Slow                     Hex            4%         N/A       19%         2
 Summon Guardian Golem    Hex/Summ       8%         N/A       24%         3
 Conjure Flame            Conj/Fire      8%         6-21      26%         3
 Mephitic Cloud           Conj/Pois/Air  7%         N/A       28%         3


Dungeon Overview and Level Annotations

Branches:
Dungeon (3/15)

Altars:

Annotations:
D:3 Grinder


Message History

Grinder hits you.
* * * LOW HITPOINT WARNING * * *
Casting: Magic Dart (safe; 5% risk of failure)
Confirm with . or Enter, or press ? or * to list all spells.
Aiming: Magic Dart (safe; 5% risk of failure)
Press: ? - help, Shift-Dir - straight line, f/p - Grinder
Aim: Grinder (heavily wounded, ally target, 100% to hit)
The magic dart hits Grinder but does no damage.
Grinder is heavily wounded.
Grinder hits you.
* * * LOW HITPOINT WARNING * * *
It was a potion of might.
You feel very mighty all of a sudden. Grinder hits you but does no damage.
It was a potion of attraction.
You feel attractive to monsters. Grinder hits you but does no damage.
It was a potion of cancellation.
Your magical effects are unravelling.
You feel magically purged.
You feel less wooden.
Your scarf of repulsion unmelds from your body.
Your +1 hat unmelds from your body.
Your +0 robe unmelds from your body.
You are surrounded by a repulsion field.
You feel a little less mighty now.
Grinder says, "Just stop there for a second..."
Grinder gestures at you. You resist with significant effort.
You feel less attractive to monsters.
Okay, then.
It was a potion of curing.
You feel better. Grinder hits you.
* * * LOW HITPOINT WARNING * * *
It was a potion of flight.
You feel very buoyant.
You fly up into the air.
Grinder hits you.
* * * LOW HITPOINT WARNING * * *
Your crimson imp blinks!
Found 20 stones.
Grinder gestures at you. Pain shoots through your body!
You die...

# #...#######..#
(......@.ยง#..#
.........##5#..##
.........#......#
# ....$...#..#...#
#.##....###..#5..#
.......# #..#...#
#.....# #......#
###.#.#.###..##..#
.......5....<..(.#


You could see Grinder.

Vanquished Creatures
  3 adders (D:2)
  A gnoll (D:1)
  A dart slug (D:2)
  8 ball pythons
  6 endoplasms
  2 giant cockroaches
  2 goblins
  7 hobgoblins
  3 kobolds (D:1)
  A quokka (D:1)
  4 bats
  4 frilled lizards
  5 rats
47 creatures vanquished.

Notes
Turn   | Place    | Note
-------+----------+-------------------------------------------
     0 | D:1      | mtoz the Deep Elf Hedge Wizard began the quest for the Orb.
     0 | D:1      | Reached XP level 1. HP: 10/10 MP: 7/7
   381 | D:1      | Reached XP level 2. HP: 15/15 MP: 3/9
   932 | D:1      | Learned a level 2 spell: Blink
  1433 | D:1      | Learned a level 2 spell: Call Imp
  1516 | D:1      | Reached XP level 3. HP: 19/19 MP: 7/11
  2707 | D:2      | Reached XP level 4. HP: 20/24 MP: 6/12
  3160 | D:3      | Noticed Grinder
  3308 | D:3      | Killed from afar by Grinder

Illustrated notes

Levels and vault maps discovered:
D:1:      amcnicky_arrival_blooded_trapdoor, layout_loops_corners,
          roderic_lattice_a
D:2:      layout_loops_cross
D:3:      layout_loops_ring, serial_shops, nicolae_shop_crystal, uniq_grinder

Skill      XL: |  1  2  3  4 |
---------------+-------------+-----
Stealth        | 3 |  3.4
Dodging        | 3 |  3.1
Summonings     | 2 |  2.0
Conjurations   | 2 |  2.0
Spellcasting   | |  4.9
Translocations | |  1.9

Action                   |  1- 3 |  4- 6 || total
-------------------------+-------+-------++-------
Melee: Dagger            |       |     1 ||     1
 Cast: Magic Dart        |   113 |    22 ||   135
       Blink             |     1 |       ||     1
       Call Imp          |       |     2 ||     2
  Use: Potion            |       |     6 ||     6
       Scroll            |       |     5 ||     5
Armor: Robe              |     1 |       ||     1
       Skin              |       |     3 ||     3
Dodge: Dodged            |    14 |     2 ||    16
